 Dungeon Crawl Stone Soup version 0.26.0-7-g794d0892b4 (console) character file.

Game seed: 14597959788334587731

250 Garrluk the Magician (level 5, -4/28 HPs)
             Began as a Deep Elf Fire Elementalist on Jan 11, 2021.
             Was an Initiate of Sif Muna.
             Slain by a phantom (5 damage)
             ... on level 4 of the Dungeon.
             The game lasted 00:08:01 (945 turns).

Garrluk the Magician (Deep Elf Fire Elementalist)    Turns: 945, Time: 00:08:02

Health: -4/28      AC:  2    Str:  5    XL:     5   Next: 88%
Magic:  13/14      EV: 13    Int: 21    God:    Sif Muna [......]
Gold:   62         SH:  0    Dex: 15    Spells: 0/13 levels left

rFire    . . .     SeeInvis .   b - +0 dagger
rCold    . . .     Faith    .   (no shield)
rNeg     . . .     Spirit   .   a - +0 robe
rPois    .         Reflect  .   (no helmet)
rElec    .         Harm     .   (no cloak)
rCorr    .         Rampage  .   (no gloves)
Will     .....                  (no boots)
Stlth    ++........             (no amulet)
HPRegen  0.09/turn              (no ring)
MPRegen  0.14/turn              (no ring)

@: no status effects
A: no striking features
a: Renounce Religion


You were on level 4 of the Dungeon.
You worshipped Sif Muna.
Sif Muna was noncommittal.
You visited 2 branches of the dungeon, and saw 6 of its levels.

You collected 62 gold pieces.

Inventory:

Hand Weapons
 b - a +0 dagger (weapon)
Missiles
 c - 6 poisoned darts (quivered)
Armour
 a - a +0 robe (worn)
Scrolls
 d - a scroll of remove curse {unknown}
 e - a scroll of noise {unknown}
 f - a scroll of enchant armour {unknown}
 g - 2 scrolls of teleportation {unknown}
 h - a scroll of identify {unknown}


   Skills:
 - Level 2.4 Dodging
 - Level 2.4 Stealth
 + Level 4.8 Spellcasting
 * Level 4.6 Conjurations
 + Level 4.6 Fire Magic


You couldn't memorise any spells.
You knew the following spells:

 Your Spells              Type           Power        Failure   Level
a - Foxfire               Conj/Fire      96%          1%          1
b - Sticky Flame          Conj/Fire      24%          17%         4
c - Conjure Flame         Conj/Fire      24%          4%          3
d - Fireball              Conj/Fire      12%          43%         5

Your spell library contained the following spells:

 Spells                   Type           Power        Failure   Level
 Magic Dart               Conj           96%          1%          1
 Inner Flame              Hex/Fire       14%          13%         3
 Blink                    Tloc           N/A          17%         2
 Call Imp                 Summ           5%           17%         2
 Slow                     Hex            5%           17%         2
 Mephitic Cloud           Conj/Pois/Air  11%          17%         3


Dungeon Overview and Level Annotations

Branches:
Dungeon (5/15)             Temple (1/1) D:4

Altars:
Ashenzari
Cheibriados
Dithmenos
Elyvilon
Fedhas
Gozag
Hepliaklqana
Kikubaaqudgha
Makhleb
Nemelex Xobeh
Okawaru
Qazlal
Ru
Sif Muna
Trog
Uskayaw
Vehumet
Wu Jian
Xom
Zin
The Shining One


Message History

The hound skeleton is severely damaged.
The foxfire hits the hound skeleton.
You destroy the hound skeleton!
Sif Muna accepts your kill.
Okay, then.
Unknown command.
You see here a frilled lizard corpse.
A phantom comes into view.
The phantom blinks!
The phantom blinks!
Casting: Foxfire (safe; 1% risk of failure)
Confirm with . or Enter, or press ? or * to list all spells.
You conjure some foxfire!
The phantom hits you!
* * * LOW HITPOINT WARNING * * *
The foxfire hits the phantom.
The phantom is lightly damaged.
The foxfire hits the phantom.
The phantom is lightly damaged.
The phantom hits you.
You die...

#......#
#......#
#......#
#......#
#......#
#......#
#......#
###...##
.#######...##
.......W.§..#
.......@....#
............#
............#
###..###..###
#.. #..# #..
#..........
#.
#.......§..
#.
#..........
#..........
#..........
#..........


You could see a phantom.

Vanquished Creatures
  An ogre (D:4)
  A hound (D:4)
  2 worker ants (D:4)
  An iguana (D:5)
  A hound skeleton (D:4)
  2 adders (D:4)
  A worm (D:5)
  3 dart slugs
  A leopard gecko (D:4)
  A giant cockroach (D:4)
  3 goblins
  A jackal (D:1)
  A kobold (D:1)
  2 quokkas
  A ball python (D:4)
  4 bats
  2 frilled lizards
  A leopard gecko skeleton (D:4)
  2 rats
31 creatures vanquished.

Vanquished Creatures (others)
  108 foxfires
108 creatures vanquished.

Grand Total: 139 creatures vanquished

Notes
Turn   | Place    | Note
-------+----------+-------------------------------------------
     0 | D:1      | Garrluk the Deep Elf Fire Elementalist began the quest for
                  | the Orb.
     0 | D:1      | Reached XP level 1. HP: 10/10 MP: 6/6
   113 | D:1      | Reached XP level 2. HP: 2/15 MP: 0/8
   131 | D:2      | Found a blossoming altar of Fedhas.
   313 | D:4      | Reached XP level 3. HP: 2/19 MP: 6/10
   374 | D:4      | Noticed an ogre
   382 | D:4      | Killed an ogre
   383 | D:4      | Reached XP level 4. HP: 22/24 MP: 8/12
   494 | D:4      | Reached XP level 5. HP: 14/28 MP: 8/13
   558 | D:4      | Found a staircase to the Ecumenical Temple.
   564 | Temple   | Entered the Ecumenical Temple
   717 | Temple   | Became a worshipper of Sif Muna the Loreminder
   803 | D:5      | Entered Level 5 of the Dungeon
   870 | D:4      | Learned a level 4 spell: Sticky Flame
   874 | D:4      | Learned a level 3 spell: Conjure Flame
   880 | D:4      | Learned a level 5 spell: Fireball
   935 | D:4      | Noticed a phantom
   943 | D:4      | HP: 1/28 [phantom (10)]
   945 | D:4      | Slain by a phantom

Illustrated notes

Levels and vault maps discovered:
D:1:      shiori_arrival_elements, layout_rooms, hangedman_feature_mirror
D:2:      layout_basic, fedhas_altar_3
D:3:      layout_basic, serial_aquarium, aquarium_bridge_square
          [aquarium_subvault_balcony, aquarium_subvault_bridge,
          aquarium_subvault_window, aquarium_subvault_bridge],
          aquarium_window_fake, aquarium_window_corridor_3, aquarium_window_2,
          aquarium_view_2e, aquarium_balcony_1b, uniq_grinder
D:4:      layout_gridville, minmay_temple_entry_hall, serial_shops,
          kennysheep_mini_moat, corexii_leaking_fountain,
          uniq_crazy_yiuf_cottage
D:5:      layout_loops_ring, old_standard_altar, ebering_ghost_reflecting_pool
Temple:   minmay_crystal_snake_temple

Skill      XL: |  1  2  3  4  5 |
---------------+----------------+-----
Conjurations   | 2 3 4 |  4.6
Spellcasting   | 4 |  4.8
Fire Magic     | 4 |  4.6
Dodging        | |  2.4
Stealth        | |  2.4

Action                   |  1- 3 |  4- 6 || total
-------------------------+-------+-------++-------
Melee: Dagger            |     9 |     1 ||    10
 Cast: Foxfire           |    36 |    33 ||    69
  Use: Potion            |     1 |     1 ||     2
 Stab: Sleeping          |     2 |       ||     2
Armor: Robe              |     5 |       ||     5
Dodge: Dodged            |    20 |     9 ||    29
